 Dungeon Crawl Stone Soup version 0.17-a0-1397-g0eee0a3 (webtiles) character file.

4 ololoev the Stinger (level 1, 0/13 HPs)
             Began as a Mummy Venom Mage on June 17, 2015.
             Slain by a jackal (1 damage)
             ... on level 1 of the Dungeon.
             The game lasted 00:01:09 (461 turns).

ololoev the Stinger (Mummy Venom Mage)               Turns: 461, Time: 00:01:09

Health: 0/13       AC:  2    Str: 11    XL:     1   Next: 58%
Magic:  0/3        EV: 12    Int: 14    God:
Gold:   21         SH:  0    Dex: 12    Spells: 1 memorised, 3 levels left

rFire  x . .     SeeInvis .     c - +0 whip
rCold  + . .     Clarity  .     a - +0 robe
rNeg   + + +     SustAt   .     (no shield)
rPois  ∞         Gourm    .     (no helmet)
rElec  .         Spirit   .     (no cloak)
rCorr  .         Warding  .     (no gloves)
rMut   .         Stasis   .     (no boots)
MR     .....                    (no amulet)
Stlth  ++........               (no ring)
                                (no ring)

@: very slightly contaminated, not resistant to hostile enchantments, unstealthy
A: no food or potions, fire vulnerability, cold resistance 1, negative energy
resistance 3, torment resistance, unbreathing
a: no special abilities


Innate Abilities, Weirdness & Mutations

You do not eat or drink.
Your flesh is vulnerable to fire.
You are immune to poison.
Your flesh is cold resistant.
You are immune to negative energy.
You are immune to unholy pain and torment.
You can survive without breathing.

Inventory:

Hand weapons
 c - a +0 whip (weapon)
Armour
 a - a +0 robe (worn)
Scrolls
 d - a scroll of amnesia {unknown}
Books
 b - a Young Poisoner's Handbook

   Spells                             Type                      Level
   a - Sting                          Conjuration/Poison           1
   b - Cure Poison                    Poison                       2
   c - Mephitic Cloud                 Conjuration/Poison/Air       3
   d - Olgreb's Toxic Radiance        Poison                       4
   e - Venom Bolt                     Conjuration/Poison           5


   Skills:
 - Level 1.5 Dodging
 - Level 1.5 Stealth
 + Level 2.1 Spellcasting
 * Level 3.4 Poison Magic


You had 3 spell levels left.
You knew the following spells:

 Your Spells              Type           Power        Failure   Level  Hunger
a - Sting                 Conj/Pois      #...         14%         1    N/A


You were on level 1 of the Dungeon.
You were not hungry.

You visited 1 branch of the dungeon, and saw 1 of its levels.

You collected 21 gold pieces.

....... #..#.#
#.####.#.#####
#............#
#.#####...!..# .#
#............# .#.#
#.#####hhh...# ...
.......gh######.# #
..#######@.....# .#
.#######......##.###
...................
.................###
########......#....#
#####.....# #.....#
########.....###
#.....!......'..

Notes
Turn   | Place    | Note
--------------------------------------------------------------
     0 | D:1      | ololoev the Mummy Venom Mage began the quest for the Orb.
     0 | D:1      | Reached XP level 1. HP: 13/13 MP: 3/3
   461 | D:1      | Slain by a jackal

Dungeon Overview and Level Annotations

Branches:
Dungeon (1/15)

Altars:


Message History

The jackal barely misses you. The jackal bites you.
You are too injured to fight recklessly!
You are too injured to fight recklessly!
You are too injured to fight recklessly!
You are too injured to fight recklessly!
You are too injured to fight recklessly!
You are too injured to fight recklessly!
You are too injured to fight recklessly!
You are too injured to fight recklessly!
You are too injured to fight recklessly!
You are too injured to fight recklessly!
You are too injured to fight recklessly!
You are too injured to fight recklessly!
You are too injured to fight recklessly!
You are too injured to fight recklessly!
You are too injured to fight recklessly!
You are too injured to fight recklessly!
You are too injured to fight recklessly!
You are too injured to fight recklessly!
You are too injured to fight recklessly!
You are too injured to fight recklessly!
The jackal misses you. The jackal bites you. The jackal closely misses you.
The jackal barely misses you. The goblin closely misses you.
The jackal misses you. The jackal closely misses you.
There is a stone staircase leading down here.
Casting: Sting
Confirm with . or Enter, or press ? or * to list all spells.
Aiming: Sting
Press: ? - help, Shift-Dir - straight line, f - jackal
Aim: a jackal You miscast Sting.
You feel slightly ill.
You hit the jackal.
The jackal is heavily wounded.
The jackal bites you.
You barely miss the jackal.
The jackal is heavily wounded.
The jackal barely misses you. The jackal bites you.
You die...

You could see 3 jackals and a goblin.

Vanquished Creatures
  2 hobgoblins (D:1)
  A kobold (D:1)
  A bat (D:1)
4 creatures vanquished.

Action                   || total
-------------------------++-------
Melee: Whip              ||    39
 Cast: Sting             ||     9

Vault maps used:
D:1:      tarquinn_simple_flora_water_a
